 Dungeon Crawl Stone Soup version 0.29.1-12-g30fa7ad0bf (webtiles) character file.

Game seed: 6487165944698659548

427 safid the Shooter (level 6, 0/58 HPs)
             Began as a Minotaur Hunter on Dec 20, 2022.
             Killed by divine providence
             ... invoked by an orc priest
              (13 damage)
             ... on level 5 of the Dungeon.
             The game lasted 00:06:08 (3731 turns).

safid the Shooter (Minotaur Hunter)                 Turns: 3731, Time: 00:06:08

Health: 0/58       AC:  3    Str: 15    XL:     6   Next: 65%
Magic:  5/5        EV: 12    Int:  6    God:
Gold:   219        SH:  0    Dex: 16    Spells: 5/5 levels left

rFire   . . .      SeeInvis .   a - +0 shortbow
rCold   . . .      Faith    .   (shield currently unavailable)
rNeg    . . .      Spirit   .   c - +0 leather armour
rPois   .          Reflect  .   (helmet restricted)
rElec   .          Harm     .   (no cloak)
rCorr   .          Rampage  .   (no gloves)
Will    .....                   (no boots)
Stlth   +.........              (no amulet)
HPRegen 0.19/turn               (no ring)
MPRegen 0.09/turn               (no ring)

@: no status effects
A: horns 2, retaliatory headbutt
a: no special abilities


You were on level 5 of the Dungeon.
You visited 1 branch of the dungeon, and saw 5 of its levels.

You collected 219 gold pieces.

Inventory:

Hand Weapons
 a - a +0 shortbow (weapon)
Missiles
 o - a throwing net
 q - 2 curare-tipped darts
Armour
 c - a +0 leather armour (worn)
Jewellery
 k - a ring of fire
Scrolls
 b - a scroll of immolation
 d - 4 scrolls of identify {unknown}
 e - a scroll of enchant weapon {unknown}
 i - 2 scrolls of fog {unknown}
 j - a scroll of amnesia {unknown}
 l - a scroll of fear {unknown}
 m - a scroll of magic mapping {unknown}
 p - a scroll of vulnerability {unknown}
 r - 3 scrolls of poison {unknown}
 s - a scroll of brand weapon {unknown}
Potions
 f - 3 potions of curing
 g - 2 potions of cancellation {unknown}
 h - 3 potions of flight {unknown}
 n - 2 potions of resistance {unknown}


   Skills:
 + Level 6.3 Fighting
 + Level 7.0 Ranged Weapons
 - Level 2.1 Dodging
 - Level 0.7 Stealth


You had 5 spell levels left.
You didn't know any spells.
Your spell library contained the following spells:

 Spells                   Type           Power      Damage    Failure   Level
 Freeze                   Ice            0%         1d3       52%         1
 Magic Dart               Conj           0%         1d3       52%         1
 Searing Ray              Conj           0%         2d4       67%         2
 Call Canine Familiar     Summ           0%         N/A       88%         3
 Confusing Touch          Hex            0%         N/A       88%         3
 Frozen Ramparts          Ice            0%         1d1       88%         3
 Portal Projectile        Hex/Tloc       0%         N/A       88%         3
 Fulminant Prism          Conj/Hex       0%         3d6       99%         4
 Hailstorm                Conj/Ice       0%         3d3       99%         4
 Ice Form                 Ice/Tmut       0%         N/A       99%         4
 Leda's Liquefaction      Hex/Erth       0%         N/A       99%         4
 Summon Ice Beast         Ice/Summ       0%         N/A       99%         4
 Yara's Violent Unravell  Hex/Tmut       0%         3d3       100%        5
 Enfeeble                 Hex            0%         N/A       100%        7


Dungeon Overview and Level Annotations

Branches:
Dungeon (5/15)
 Temple: D:4-7

Altars:

Shops:
D:2 *   D:3 (


Innate Abilities, Weirdness & Mutations

You have a pair of horns on your head.
You reflexively headbutt those who attack you in melee.


Message History

The orc wizard closely misses you.
The orc priest calls upon Beogh to heal the orc.
The orc's wounds heal themselves!
The orc wizard closely misses you.
Unknown command.
Fire: a) +0 shortbow
Press: ? - help, Q - select action, (/) - cycle Shift-Dir - straight line, f/p - orc wizard
Aim: an orc wizard, wielding a +0 dagger and wearing a +0 robe (60% to hit)
You shoot an arrow.
The arrow hits the orc wizard but does no damage.
The orc wizard points at you and mumbles some strange words.
You resist with some effort.
Unknown command.
Fire: a) +0 shortbow
Press: ? - help, Q - select action, (/) - cycle Shift-Dir - straight line, f/p - orc wizard
Aim: an orc wizard, wielding a +0 dagger and wearing a +0 robe (60% to hit)
You shoot an arrow. The arrow hits the orc wizard.
The orc wizard is heavily wounded.
The orc wizard hits you with a +0 dagger.
* * * LOW HITPOINT WARNING * * *
The orc priest calls upon Beogh to heal the orc wizard.
The orc wizard is healed somewhat.
Unknown command.
Fire: a) +0 shortbow
Press: ? - help, Q - select action, (/) - cycle Shift-Dir - straight line, f/p - orc wizard
Aim: an orc wizard, wielding a +0 dagger and wearing a +0 robe (lightly wounded, 60% to hit)
You shoot an arrow.
The arrow hits the orc wizard but does no damage.
The orc wizard is lightly wounded.
The orc wizard closely misses you.
Unknown command.
Fire: a) +0 shortbow
Press: ? - help, Q - select action, (/) - cycle Shift-Dir - straight line, f/p - orc wizard
Aim: an orc wizard, wielding a +0 dagger and wearing a +0 robe (lightly wounded, 60% to hit)
You shoot an arrow. The arrow misses the orc wizard.
The arrow closely misses the orc.
The orc wizard hits you with a +0 dagger.
* * * LOW HITPOINT WARNING * * *
The orc priest calls down the wrath of Beogh upon you.
Beogh smites you!
You die...

##########
#o........
#.<.......
#.######o########
#.....@oo.#
########.## #.#
#.# #.# #.. ###


You could see an orc priest, an orc wizard and an orc.

Vanquished Creatures
  An ogre (D:4)
  A scorpion (D:4)
  3 hounds (D:4)
  An iguana (D:4)
  6 adders
  2 worms
  5 dart slugs
  11 orcs
  6 endoplasms
  4 giant cockroaches
  9 goblins
  10 hobgoblins
  13 kobolds
  4 quokkas
  7 ball pythons
  4 bats
  6 frilled lizards
  A rat (D:3)
94 creatures vanquished.

Vanquished Creatures (others)
  A plant (D:1)
1 creature vanquished.

Grand Total: 95 creatures vanquished

Notes
Turn   | Place    | Note
-------+----------+-------------------------------------------
     0 | D:1      | safid the Minotaur Hunter began the quest for the Orb.
     0 | D:1      | Reached XP level 1. HP: 18/18 MP: 0/0
    75 | D:1      | Reached XP level 2. HP: 23/25 MP: 1/1
   772 | D:2      | Reached skill level 5 in Ranged Weapons
   772 | D:2      | Reached XP level 3. HP: 31/31 MP: 2/2
  1099 | D:2      | Found Zutosog's General Store.
  1126 | D:2      | Reached XP level 4. HP: 37/40 MP: 3/3
  1544 | D:3      | Found Lissul's Antique Weapon Emporium.
  2446 | D:3      | Found a faded altar of an unknown god.
  2756 | D:4      | Noticed an ogre
  2762 | D:4      | Killed an ogre
  2763 | D:4      | Reached skill level 5 in Fighting
  2763 | D:4      | Reached skill level 6 in Ranged Weapons
  2763 | D:4      | Reached XP level 5. HP: 48/48 MP: 4/4
  2973 | D:4      | Reached XP level 6. HP: 18/57 MP: 5/5
  3717 | D:5      | Entered Level 5 of the Dungeon
  3722 | D:5      | Reached skill level 7 in Ranged Weapons
  3731 | D:5      | Killed from afar by an orc priest

Illustrated notes

Levels and vault maps discovered:
D:1:      roderic_crop_circles_arrival_small, layout_basic
D:2:      layout_basic, serial_shops, nicolae_square_shop,
          minmay_close_crescents
D:3:      layout_loops_corners, serial_shops, shop_statue,
          shapermc_ecumenical_altar_mp_vishouse,
          minmay_fractal_squares_gapless_5
D:4:      layout_cave_pods
D:5:      minmay_inner_zag, layout_loops_ring, minmay_temple_entry_nine_rooms,
          serial_bayou_crossing

Skill      XL: |  1  2  3  4  5  6 |
---------------+-------------------+-----
Fighting       | 3 4 5 6 |  6.3
Ranged Weapons | 5 6 7 |  7.0
Dodging        | |  2.1
Stealth        | |  0.7

Action                   |  1- 3 |  4- 6 || total
-------------------------+-------+-------++-------
 Fire: Shortbow          |   101 |   169 ||   270
  Use: Potion            |       |     1 ||     1
Armor: Leather armour    |    14 |     9 ||    23
Dodge: Dodged            |    30 |    53 ||    83
